 Dungeon Crawl Stone Soup version 0.31.0-11-ge490571c62 (webtiles) character file.

Game seed: 11491474114942325935

65 Curundu the Chopper (level 4, 0/36 (38) HPs)
             Began as a Gnoll Reaver on Jan 28, 2024.
             Slain by a black bear (2 damage)
             ... on level 3 of the Dungeon.
             The game lasted 00:07:12 (1850 turns).

Curundu the Chopper (Gnoll Reaver)                  Turns: 1850, Time: 00:07:12

HP:   0/36 (38)     AC:  8    Str: 13    XL:     4   Next: 13%
MP:   11/11         EV:  7    Int: 13    God:
Gold: 77            SH:  0    Dex: 10    Spells: 12/13 levels left

rFire   . . .        a - +0 hand axe
rCold   . . .        (no shield)
rNeg    . . .        h - +0 chain mail
rPois   .            (no helmet)
rElec   .            (no cloak)
rCorr   .            (no gloves)
SInv    .            (no boots)
Will    .....        (no amulet) Stlth
                     (no ring)
HPRegen 0.26/turn    (no ring)
MPRegen 0.12/turn

%: no passive effects
@: very slightly contaminated, drained
A: fangs 1, strong nose, distributed training
a: no special abilities


You were on level 3 of the Dungeon.
You visited 1 branch of the dungeon, and saw 3 of its levels.

You collected 77 gold pieces.

Inventory:

Hand Weapons
 a - a +0 hand axe (weapon)
Armour
 b - a +0 leather armour
 h - a +0 chain mail (worn)
Jewellery
 i - a ring of protection from cold
 r - a ring of wizardry
Scrolls
 c - a scroll of enchant armour {unknown}
 d - a scroll of fog {unknown}
 f - a scroll of teleportation {unknown}
 g - 4 scrolls of identify {unknown}
 j - a scroll of vulnerability {unknown}
 o - a scroll of blinking {unknown}
 q - a scroll of fear {unknown}
Potions
 e - a potion of lignification {unknown}
 k - a potion of cancellation {unknown}
 l - a potion of curing {unknown}
 m - a potion of mutation {unknown}
 n - 2 potions of haste {unknown}
 p - 2 potions of heal wounds {unknown}


   Skills:
 + Level 4.6 Fighting
 + Level 1.1 Short Blades
 + Level 1.1 Long Blades
 + Level 6.6 Axes
 + Level 1.1 Maces & Flails
 + Level 1.1 Polearms
 + Level 1.1 Staves
 + Level 1.1 Ranged Weapons
 + Level 1.1 Throwing
 + Level 1.1 Armour
 + Level 4.6 Dodging
 + Level 1.1 Stealth
 + Level 1.1 Shields
 + Level 1.1 Unarmed Combat
 + Level 5.0 Spellcasting
 + Level 5.4 Conjurations
 + Level 0.8 Hexes
 + Level 0.8 Summonings
 + Level 0.8 Necromancy
 + Level 0.8 Translocations
 + Level 0.8 Fire Magic
 + Level 0.8 Ice Magic
 + Level 0.8 Air Magic
 + Level 0.8 Earth Magic
 + Level 0.8 Alchemy
 + Level 1.2 Invocations
 + Level 1.1 Evocations
 + Level 1.0 Shapeshifting


You had 12 spell levels left.
You knew the following spells:

 Your Spells              Type           Power      Damage    Failure   Level
a - Kiss of Death         Conj/Necr      44%        2d8       73%         1

Your spell library contained the following spells:

 Spells                   Type           Power      Damage    Failure   Level
 Momentum Strike          Conj/Tloc      22%        3d8       86%         2
 Hailstorm                Conj/Ice       11%        3d6       97%         3
 Ozocubu's Armour         Ice            5%         N/A       100%        3
 Metabolic Englaciation   Hex/Ice        2%         N/A       100%        5
 Sculpt Simulacrum        Ice/Alch       2%         N/A       100%        6


Dungeon Overview and Level Annotations

Branches:
Dungeon (3/15)

Altars:


Innate Abilities, Weirdness & Mutations

You have very sharp teeth.
Your uncanny sense of smell can sniff out nearby items.
Your experience applies equally to all skills.


Message History

Press: ? - help, Shift-Dir - straight line, f - black bear
Aim: a black bear (100% to hit)
You miscast Kiss of Death.
You are very lightly contaminated with residual magic.
Nothing appears to happen.
The black bear bites you.
The black bear claws you but does no damage. x2
You slash the black bear! Your bite misses the black bear.
The black bear is moderately wounded.
The black bear bites you but does no damage.
The black bear claws you. x2
You slash the black bear! Your bite misses the black bear.
The black bear is heavily wounded.
The black bear bites you but does no damage.
The black bear claws you but does no damage. x2
You hit the black bear but do no damage.
The black bear is heavily wounded.
The black bear bites you but does no damage.
The black bear claws you but does no damage. x2
You hit the black bear.
You bite the black bear, but do no damage.
The black bear is severely wounded.
The black bear goes berserk!
You completely miss the black bear.
The black bear is severely wounded.
The black bear bites you but does no damage.
The black bear claws you but does no damage.
The black bear barely misses you.
You hit the black bear.
The black bear is severely wounded.
The black bear bites you. The black bear barely misses you.
The black bear claws you.
You hit the black bear.
The black bear is almost dead.
The black bear bites you. The black bear claws you.
The black bear barely misses you. The black bear bites you!
* * * LOW HITPOINT WARNING * * *
The black bear claws you.
* * * LOW HITPOINT WARNING * * *
The black bear claws you.
You die...

..#### #.# ...
.......##.###...
.......#......##.
.................
................#
.#...#..........#
.................
.........<......#
......h@........#
.......†.........
......#..........
......#..%.......
#..##.#.........#
##. # ###.....###
# #...### ....


You could see a black bear (berserk).

Vanquished Creatures
  An adder (D:2)
  3 dart slugs
  7 ball pythons
  4 endoplasms
  5 giant cockroaches
  6 goblins
  4 hobgoblins (D:1)
  2 jackals (D:2)
  A quokka (D:2)
  2 bats (D:1)
  6 kobolds
  3 rats (D:2)
44 creatures vanquished.

Notes
Turn   | Place    | Note
-------+----------+-------------------------------------------
     0 | D:1      | Curundu the Gnoll Reaver began the quest for the Orb.
     0 | D:1      | Reached XP level 1. HP: 20/20 MP: 6/6
    32 | D:1      | Reached XP level 2. HP: 6/26 MP: 7/7
   446 | D:1      | Reached skill level 5 in Spellcasting
   446 | D:1      | Reached XP level 3. HP: 31/31 MP: 7/9
   556 | D:1      | Reached skill level 1 in Invocations
   624 | D:1      | Found a faded altar of an unknown god.
  1073 | D:2      | Reached skill level 1 in Short Blades
  1073 | D:2      | Reached skill level 1 in Long Blades
  1073 | D:2      | Reached skill level 1 in Maces & Flails
  1073 | D:2      | Reached skill level 1 in Polearms
  1073 | D:2      | Reached skill level 1 in Staves
  1073 | D:2      | Reached skill level 1 in Ranged Weapons
  1073 | D:2      | Reached skill level 1 in Throwing
  1073 | D:2      | Reached skill level 1 in Armour
  1073 | D:2      | Reached skill level 1 in Stealth
  1073 | D:2      | Reached skill level 1 in Shields
  1073 | D:2      | Reached skill level 1 in Unarmed Combat
  1073 | D:2      | Reached skill level 1 in Evocations
  1498 | D:2      | Reached skill level 1 in Shapeshifting
  1498 | D:2      | Reached XP level 4. HP: 35/35 MP: 11/11
  1837 | D:3      | Noticed a black bear
  1850 | D:3      | Slain by a black bear

Illustrated notes

Levels and vault maps discovered:
D:1:      dpeg_arrival_arbitrary_c, layout_rooms,
          shapermc_ecumenical_altar_acropolis, minmay_strange_pillars,
          minmay_split_cup_large
D:2:      layout_loops_ring, serial_forest, infiniplex_forest_lined_room_3,
          infiniplex_forest_lined_corner, infiniplex_forest_lined_corner,
          infiniplex_forest_straight_4, infiniplex_forest_corner_2,
          infiniplex_forest_clump_C, infiniplex_forest_clump_diagonal,
          infiniplex_forest_join, kennysheep_cluttered_room
D:3:      layout_rooms, nicolae_titane

Skill      XL: |  1  2  3 |
---------------+----------+-----
Spellcasting   | 5 |  5.0
Invocations    | 1 |  1.2
Short Blades   | 1 |  1.1
Long Blades    | 1 |  1.1
Maces & Flails | 1 |  1.1
Polearms       | 1 |  1.1
Staves         | 1 |  1.1
Ranged Weapons | 1 |  1.1
Throwing       | 1 |  1.1
Armour         | 1 |  1.1
Stealth        | 1 |  1.1
Shields        | 1 |  1.1
Unarmed Combat | 1 |  1.1
Evocations     | 1 |  1.1
Shapeshifting  | 1 |  1.0
Fighting       | |  4.6
Axes           | |  6.6
Dodging        | |  4.6
Conjurations   | |  5.4
Hexes          | |  0.8
Summonings     | |  0.8
Necromancy     | |  0.8
Translocations | |  0.8
Fire Magic     | |  0.8
Ice Magic      | |  0.8
Air Magic      | |  0.8
Earth Magic    | |  0.8
Alchemy        | |  0.8

Action                     |  1- 3 |  4- 6 || total
---------------------------+-------+-------++-------
  Melee: Hand axe          |   139 |    18 ||   157
         Bite              |    12 |     1 ||    13
         Punch             |     1 |     1 ||     2
   Cast: Kiss of Death     |     1 |       ||     1
 Armour: Leather armour    |    41 |       ||    41
         Chain mail        |    82 |    28 ||   110
  Dodge: Dodged            |    64 |     4 ||    68
